 Dungeon Crawl Stone Soup version 0.13-a0-2716-gc56f784 (webtiles) character file.

1633 Yolobear the Grappler (level 8, -1/75 HPs)
             Began as a Troll Chaos Knight on Aug 17, 2013.
             Was a Plaything of Xom.
             Slain by a gnoll
             ... wielding a +0,+0 spear
              (4 damage)
             ... on Level 5 of the Dungeon.
             The game lasted 00:14:35 (3635 turns).

Yolobear the Grappler (Troll Chaos Knight)          Turns: 3635, Time: 00:14:35

HP  -1/75        AC  7     Str 26      XL: 8   Next: 41%
MP   3/3         EV 10     Int  8      God: Xom
Gold 232         SH  0     Dex 11      Spells:  1 memorised,  5 levels left

Res.Fire  : + . .   See Invis. : .     - Unarmed
Res.Cold  : . . .   Warding    : .   b - +2 robe
Life Prot.: . . .   Conserve   : .   (shield restricted)
Res.Poison: .       Res.Corr.  : .   (helmet restricted)
Res.Elec. : .       Clarity    : .   (no cloak)
Sust.Abil.: . .     Spirit.Shd : .   (gloves unavailable)
Res.Mut.  : .       Stasis     : .   (boots unavailable)
Res.Rott. : .       Flight     : .   (no amulet)
Gourmand  : +                        (no ring)
                                     p - ring of protection from fire {unknown}

@: mighty, extremely poisoned, slowed, very slow, slightly resistant to hostile
enchantments, unstealthy
A: unfitting armour, claws 3, carnivore 1, fast metabolism 3, gourmand, mutation
resistance 1, regeneration 2, saprovore 2, tough skin 2, AC +1
a: Renounce Religion


You were on level 5 of the Dungeon.
You worshipped Xom.
You were a beloved toy of Xom.
You were very full.

You visited 1 branch of the dungeon, and saw 5 of its levels.

You collected 212 gold pieces.

Inventory:

Armour
 b - a +2 robe (worn)
Magical devices
 v - a wand of digging (4)
Comestibles
 a - 2 meat rations
 f - 7 bread rations
 n - an orange
 t - a slice of pizza
 C - 2 rotting chunks of ogre flesh
 D - a cheese
 I - a rotting chunk of rat flesh
Scrolls
 d - a scroll of teleportation {unknown}
 e - 3 scrolls of random uselessness {unknown}
 h - 2 scrolls of enchant armour {unknown}
 j - 2 scrolls of identify {unknown}
 q - 4 scrolls of remove curse {unknown}
 r - 2 scrolls of magic mapping {unknown}
 s - a scroll of amnesia {unknown}
 y - 2 scrolls of fog {unknown}
 A - a scroll of recharging {unknown}
Jewellery
 p - a ring of protection from fire (left claw) {unknown}
Potions
 c - 3 potions of slowing
 i - a potion of restore abilities {unknown}
 k - 2 potions of might
 l - 2 potions of brilliance {unknown}
 m - 2 potions of resistance {unknown}
 o - a potion of cure mutation {unknown}
 w - a potion of heal wounds {unknown}
 x - a potion of agility {unknown}
 z - 3 potions of berserk rage {unknown}
 F - a potion of confusion {unknown}
 H - 2 potions of curing {unknown}
Books
 g - a book of War Chants

   Spells                             Type                      Level
   Fire Brand                         Charms/Fire                  2
   Freezing Aura                      Charms/Ice                   2
   *Shroud of Golubria                Charms/Translocation         2
   Repel Missiles                     Charms/Air                   2
   Poison Weapon                      Charms/Poison                3
   Regeneration                       Charms/Necromancy            3
 u - a book of Debilitation

   Spells                             Type                      Level
   Corona                             Hexes                        1
   Slow                               Hexes                        2
   Inner Flame                        Hexes/Fire                   3
   Enslavement                        Hexes                        4
   Cause Fear                         Hexes                        4
   Leda's Liquefaction                Hexes/Earth                  4
 B - a Young Poisoner's Handbook

   Spells                             Type                      Level
   Sting                              Conjuration/Poison           1
   Cure Poison                        Poison                       2
   Mephitic Cloud                     Conjuration/Poison/Air       3
   Olgreb's Toxic Radiance            Poison                       4
   Venom Bolt                         Conjuration/Poison           5


   Skills:
 - Level 3.0 Fighting
 - Level 2.0 Dodging
 * Level 10.5 Unarmed Combat


You had 5 spell levels left.
You knew the following spells:

 Your Spells              Type           Power        Failure   Level  Hunger
a - Shroud of Golubria    Chrm/Tloc      #.........   69%         2    ###....


Dungeon Overview and Level Annotations

Branches:
Dungeon (5/27)
 Temple: D:4-7

Altars:
Ashenzari
Elyvilon
Kikubaaqudgha
Makhleb
Okawaru
Xom
Zin


Innate Abilities, Weirdness & Mutations

You are too large for most types of armour.
You have claws for hands.
Your metabolism is lightning-fast.
You like to eat raw meat.
You heal very quickly.
You can eat rotten meat.
You are covered in fur (AC +1).
You have very tough skin (AC +2).
Your digestive system is specialised to digest meat.
You are somewhat resistant to further mutation.


Message History

You are more poisoned.
* * * LOW HITPOINT WARNING * * *
You see here a poisoned needle.
Drink which item? (? for menu, Esc to quit)
You feel yourself slow down.
It was a potion of slowing.
* * * LOW HITPOINT WARNING * * *
You feel very sick.
You feel a little better.
The gnoll hits you from afar with a spear!
* * * LOW HITPOINT WARNING * * *
The kobold shoots a poisoned needle.
The poisoned needle hits you!
You are more poisoned.
* * * LOW HITPOINT WARNING * * *
Drink which item? (? for menu, Esc to quit)
You feel very mighty all of a sudden.
It was a potion of might.
* * * LOW HITPOINT WARNING * * *
You feel sick.
The gnoll hits you from afar with a spear.
You die...

#(............##
##.....(.......##
#...............##
.................##
...%.....K........##
...................#
...................#
..#...........g....#
.###..........g.@.<#
## ##.............<#
.###..............<#
..#................#
(.................%#
...................#
..................##
.................##
#...............##


You could see 2 gnolls and a kobold.

Vanquished Creatures
  Pikel (D:5)
  3 slaves (D:5)
  A phantom (D:4)
  An ogre (D:5)
  3 killer bees (D:4)
  3 orc priests (D:4)
  A hound (D:2)
  A gnoll shaman (D:5)
  An orc wizard (D:4)
  A scorpion (D:4)
  5 worker ants
  A killer bee zombie (D:5)
  Terence (D:3)
  5 gnolls
  9 adders
  A giant mite (D:3)
  A worm (D:2)
  4 giant geckos
  3 oozes
  8 orcs (D:4)
  A ball python (D:1)
  9 bats
  4 giant cockroaches
  12 hobgoblins
  11 jackals
  A quokka (D:4)
  4 giant newts
  7 goblins
  A hobgoblin skeleton (D:3)
  6 kobolds
  14 rats
124 creatures vanquished.

Vanquished Creatures (collateral kills)
  A slave (D:5)
  An ogre (D:4)
  A jackal (D:3)
  A giant newt (D:3)
  A rat (D:2)
5 creatures vanquished.

Vanquished Creatures (others)
  A quasit (D:5)
  An ufetubus (D:5)
2 creatures vanquished.

Grand Total: 131 creatures vanquished

Notes
Turn   | Place    | Note
--------------------------------------------------------------
     0 | D:1      | Yolobear, the Troll Chaos Knight, began the quest for the Orb.
     0 | D:1      | Reached XP level 1. HP: 20/20 MP: 1/1
   136 | D:1      | Reached XP level 2. HP: 26/28 MP: 1/1
   234 | D:1      | XOM: divination: detect creatures
   615 | D:1      | Reached XP level 3. HP: 36/36 MP: 2/2
   861 | D:1      | XOM: god gift: paperback book {god gift}
   868 | D:1      | Learned a level 2 spell: Shroud of Golubria
  1061 | D:2      | Found an ancient bone altar of Kikubaaqudgha.
  1138 | D:2      | Found a burning altar of Makhleb.
  1147 | D:2      | Reached skill level 4 in Unarmed Combat
  1147 | D:2      | Reached XP level 4. HP: 44/44 MP: 2/2
  1396 | D:2      | XOM: summons friendly lemure
  1464 | D:2      | Found a white marble altar of Elyvilon.
  1529 | D:3      | Reached skill level 5 in Unarmed Combat
  1650 | D:3      | Noticed Terence
  1662 | D:3      | XOM: confuse monster(s)
  1672 | D:3      | Killed Terence
  1681 | D:3      | XOM: god gift: orange
  1848 | D:3      | Reached XP level 5. HP: 50/50 MP: 2/2
  1856 | D:3      | XOM: polymorph jackal -> hobgoblin
  2244 | D:4      | Reached skill level 6 in Unarmed Combat
  2306 | D:4      | XOM: mild Trmt miscast
  2356 | D:4      | Reached XP level 6. HP: 56/59 MP: 3/3
  2361 | D:4      | XOM: colour smoke trail
  2389 | D:4      | XOM: divination: detect items
  2407 | D:4      | XOM: confuse monster(s)
  2410 | D:4      | XOM: enchant monster (good)
  2424 | D:4      | XOM: summons friendly crimson imp
  2430 | D:4      | Reached skill level 7 in Unarmed Combat
  2710 | D:4      | Found an iron altar of Okawaru.
  2759 | D:4      | Reached XP level 7. HP: 66/66 MP: 3/3
  2826 | D:4      | Found a shimmering altar of Xom.
  2828 | D:4      | Noticed an angel
  2837 | D:4      | Found a glowing silver altar of Zin.
  2912 | D:4      | XOM: give mutation
  2912 | D:4      | Gained mutation: You are somewhat resistant to further mutation. [Xom's grace]
  2943 | D:4      | Reached skill level 8 in Unarmed Combat
  3016 | D:4      | XOM: cast spell 'Dragon Form'
  3042 | D:4      | Found a shattered altar of Ashenzari.
  3057 | D:4      | Noticed a phantom
  3063 | D:4      | Killed a phantom
  3287 | D:5      | Entered Level 5 of the Dungeon
  3315 | D:5      | XOM: medium Chrm miscast
  3322 | D:5      | XOM: silly message
  3333 | D:5      | Reached skill level 9 in Unarmed Combat
  3451 | D:5      | Noticed Pikel
  3460 | D:5      | XOM: summons 2 friendly demons
  3473 | D:5      | XOM: cast spell 'Summon Scorpions'
  3492 | D:5      | XOM: potion effect (berserk)
  3496 | D:5      | Killed Pikel
  3496 | D:5      | Reached skill level 10 in Unarmed Combat
  3496 | D:5      | Reached XP level 8. HP: 75/75 MP: 3/3
  3542 | D:5      | XOM: give mutation
  3542 | D:5      | Gained mutation: Your digestive system is specialised to digest meat. [Xom's grace]
  3577 | D:5      | XOM: confuse monster(s)
  3589 | D:5      | XOM: confusion
  3634 | D:5      | HP: 3/75 [gnoll/spear (7)]
  3635 | D:5      | Slain by a gnoll

Action                   |  1- 3 |  4- 6 |  7- 9 || total
-------------------------+-------+-------+-------++-------
Melee: Unarmed           |    96 |   197 |    97 ||   390
 Abil: Breathe Fire      |       |       |     1 ||     1
  Use: Potion            |       |       |     2 ||     2
 Stab: Confused          |       |     1 |       ||     1
       Paralysed         |       |     1 |       ||     1
